 Dungeon Crawl Stone Soup version 0.29-a0-1047-g7c58e119a4 (webtiles) character file.

Game seed: 7935204600310414882

89 flotson the Sneak (level 4, -10/36 HPs)
             Began as a Demonspawn Delver on Aug 16, 2022.
             Mangled by an ogre
             ... wielding a +0 giant club
              (15 damage)
             ... on level 4 of the Dungeon.
             The game lasted 00:01:28 (1232 turns).

flotson the Sneak (Demonspawn Delver)               Turns: 1232, Time: 00:01:29

Health: -10/36     AC:  3    Str: 14    XL:     4   Next: 31%
Magic:  4/4        EV: 12    Int: 11    God:
Gold:   26         SH:  0    Dex: 15    Spells: 3/3 levels left

rFire   . . .      SeeInvis .   m - +0 trident
rCold   . . .      Faith    .   (no shield)
rNeg    . . .      Spirit   .   b - +0 leather armour
rPois   .          Reflect  .   (no helmet)
rElec   .          Harm     .   (no cloak)
rCorr   .          Rampage  .   (no gloves)
Will    .....                   (no boots)
Stlth   +++.......              (no amulet)
HPRegen 0.12/turn               (no ring)
MPRegen 0.09/turn               (no ring)

@: no status effects
A: hooves 1, demonic magic 2
a: no special abilities


You were on level 4 of the Dungeon.
You visited 1 branch of the dungeon, and saw 3 of its levels.

You collected 26 gold pieces.

Inventory:

Hand Weapons
 m - a +0 trident (weapon)
Armour
 b - a +0 leather armour (worn)
Wands
 g - a wand of digging (3)
Scrolls
 a - a scroll of identify {unknown}
 c - a scroll of fog
 d - a scroll of magic mapping
 e - a scroll of fear
 i - a scroll of enchant armour {unknown}
 j - a scroll of immolation {unknown}
 k - 3 scrolls of poison {unknown}
 l - a scroll of vulnerability {unknown}
Potions
 f - a potion of heal wounds {unknown}
 h - a potion of invisibility {unknown}


   Skills:
 + Level 3.6 Fighting
 - Level 1.7 Axes
 + Level 1.5 Armour
 + Level 2.5 Dodging
 - Level 4.5 Stealth
 + Level 1.8 Evocations


You had 3 spell levels left.
You didn't know any spells.
Your spell library was empty.

Dungeon Overview and Level Annotations

Branches:
Dungeon (5/15)
 Temple: D:4-7

Altars:

Shops:
D:4 (


Innate Abilities, Weirdness & Mutations

You have large cloven feet.
Spells you cast may paralyse nearby enemies.


Message History

You now have 26 gold pieces (gained 5).
A quokka comes into view.
No reachable target in view!
No reachable target in view!
No reachable target in view!
No reachable target in view!
No reachable target in view!
No reachable target in view!
No reachable target in view!
The teleport trap disappears.
The quokka disappears!
a - a scroll labelled MALIPUMYUM
There is an entrance to Vaocisyg's Weapon Shoppe here.
Unknown command.
An ogre comes into view. It is wielding a +0 giant club.
The ogre shouts!
You hear a bark!
A jackal comes into view.
You reach to attack!
You hit the ogre.
The ogre is lightly wounded.
The ogre misses you.
You puncture the ogre!
The ogre is moderately wounded.
A giant cockroach comes into view.
You hit the ogre but do no damage. You kick the ogre.
The ogre is heavily wounded.
A jackal comes into view.
The ogre barely misses you. The jackal bites you.
The jackal barks!
You hit the ogre.
The ogre is severely wounded.
The jackal closely misses you.
The ogre hits you with a +0 giant club!!
Ouch! That really hurt!
* * * LOW HITPOINT WARNING * * *
The jackal barely misses you.
You puncture the ogre!
The ogre is almost dead.
The jackal bites you.
* * * LOW HITPOINT WARNING * * *
The ogre hits you with a +0 giant club!
You die...

#.....# #.....# .....#
#.... ........ #.Bh.
#......# #...# #.....<#
#hO## #......# #.@.#
#####......# ##..#
...........### #..#
.............#
#..#######
........#....#
#.........
........#..>.#
##..######
.............# #...#
.............# #...#
)..........(.####..>###


You could see an ogre, 2 jackals and a giant cockroach.

Vanquished Creatures
  A howler monkey (D:4)
  An iguana (D:4)
  An adder (D:4)
  A dart slug (D:5)
  2 orcs
  An endoplasm (D:4)
  A goblin (D:4)
  2 hobgoblins (D:4)
  A kobold (D:4)
11 creatures vanquished.

Notes
Turn   | Place    | Note
-------+----------+-------------------------------------------
     0 | D:5      | flotson the Demonspawn Delver began the quest for the Orb.
     0 | D:5      | Reached XP level 1. HP: 18/18 MP: 1/1
   259 | D:4      | Found Vaocisyg's Weapon Shoppe.
   273 | D:4      | Noticed a phantom
   287 | D:5      | Gained mutation: You have large cloven feet. [demonic
                  | ancestry]
   287 | D:5      | Reached XP level 2. HP: 3/24 MP: 2/2
   578 | D:4      | Reached skill level 1 in Evocations
   686 | D:3      | Found a faded altar of an unknown god.
   778 | D:4      | Reached skill level 1 in Armour
   778 | D:4      | Gained mutation: Spells you cast may paralyse adjacent
                  | enemies. [demonic ancestry]
   778 | D:4      | Reached XP level 3. HP: 10/29 MP: 3/3
  1092 | D:4      | Gained mutation: Spells you cast may paralyse nearby
                  | enemies. [demonic ancestry]
  1092 | D:4      | Reached XP level 4. HP: 24/36 MP: 4/4
  1225 | D:4      | Noticed an ogre
  1232 | D:4      | Mangled by an ogre

Illustrated notes

Levels and vault maps discovered:
D:3:      minmay_wonky_spiral, layout_loops_ring,
          nicolae_overflow_ecumenical_swirl,
          ebering_ecumenical_altar_sacrificial, reono_crystal_passage,
          grunt_ministairs_1
D:4:      layout_basic, nicolae_overflow_hallway_of_the_gods, lemuel_tele_altar,
          serial_shops, shop_statue, uniq_natasha
D:5:      layout_basic, kennysheep_little_box,
          minmay_temple_entry_gardened_gates, serial_shops, shop

Skill      XL: |  1  2 |
---------------+-------+-----
Dodging        | 2 |  2.5
Evocations     | 1 |  1.8
Armour         | 1 |  1.5
Fighting       | |  3.6
Axes           | |  1.7
Stealth        | |  4.5

Action                   |  1- 3 |  4- 6 || total
-------------------------+-------+-------++-------
Melee: Hand axe          |    41 |       ||    41
       Trident           |    11 |     5 ||    16
       Kick              |     7 |     1 ||     8
  Use: Potion            |     1 |       ||     1
 Stab: Sleeping          |     2 |       ||     2
Armor: Leather armour    |     7 |       ||     7
Dodge: Dodged            |    29 |     4 ||    33

Table legend: (Time is in decaauts)
 A = Elapsed time spent in this place.
 B = Non-inter-level travel time spent in this place.
 C = Inter-level travel time spent in this place.
 D = Time resting spent in this place.
 E = Time spent auto-exploring this place.
 F = Levels seen in this place.
 G = Mean time per level.
                   A        B        C        D        E       F      G
               +--------+--------+--------+--------+--------+-----+--------+
         Total |   1228 |   1214 |     14 |    254 |    799 |   3 |  409.3 |
       Dungeon |   1228 |   1214 |     14 |    254 |    799 |   3 |  409.3 |
               +--------+--------+--------+--------+--------+-----+--------+

Top non-repeatable levels by time:
     D:4: 687 daAuts
     D:5: 529 daAuts
     D:3: 10 daAuts
